 Dungeon Crawl Stone Soup version 0.28-a0-957-g42eb19b844 (webtiles) character file.

Game seed: 17325763171665628654

2625 blank1 the Fighter (level 9, 0/74 HPs)
             Began as a Formicid Fighter on Nov 30, 2021.
             Was a Priest of Okawaru.
             Slain by an acid dragon (2 damage)
             ... on level 8 of the Dungeon.
             The game lasted 00:30:58 (10744 turns).

blank1 the Fighter (Formicid Fighter)              Turns: 10744, Time: 00:30:59

Health: 0/74       AC:  8    Str: 24    XL:     9   Next: 91%
Magic:  11/11      EV:  7    Int:  8    God:    Okawaru [***...]
Gold:   504        SH:  9    Dex: 10    Spells: 8/8 levels left

rFire   . . .      SeeInvis +   a - +0 long sword
rCold   . . .      Faith    .   l - +0 kite shield
rNeg    . . .      Spirit   .   o - +1 plate armour
rPois   .          Reflect  .   (helmet unavailable)
rElec   .          Harm     .   t - +0 cloak
rCorr   .          Rampage  .   g - +0 pair of gloves
Will    .....                   (no boots)
Stlth   ..........              (no amulet)
HPRegen 0.22/turn               k - ring of wizardry
MPRegen 0.12/turn               (no ring)

@: corroded, studying Ice Magic
A: permanent stasis, dig shafts and tunnels, antennae 3, four strong arms
a: Dig, Shaft Self, Renounce Religion, Heroism


You were on level 8 of the Dungeon.
You worshipped Okawaru.
Okawaru was most pleased with you.
You visited 2 branches of the dungeon, and saw 10 of its levels.

You collected 504 gold pieces.

Inventory:

Hand Weapons
 a - a +0 long sword (weapon)
 r - a +2 whip of flaming
 v - a +1 falchion of holy wrath
Armour
 g - a +0 pair of gloves (worn)
 l - a +0 kite shield (worn)
 o - a +1 plate armour (worn)
 t - a +0 cloak (worn)
Jewellery
 k - a ring of wizardry (left hand)
 u - a ring of ice
Wands
 s - a wand of digging (4)
Scrolls
 e - a scroll of enchant armour
 j - 2 scrolls of vulnerability
 m - 2 scrolls of magic mapping
Potions
 b - a potion of ambrosia {unknown}
 c - a potion of curing
 d - a potion of might
 h - a potion of invisibility
 n - a potion of mutation
 p - 3 potions of lignification {unknown}
 q - a potion of brilliance {unknown}


   Skills:
 - Level 8.0 Fighting
 + Level 7.6 Long Blades
 - Level 6.0 Armour
 - Level 4.0 Dodging
 - Level 6.0 Shields
 - Level 3.0 Invocations


You had 8 spell levels left.
You didn't know any spells.
Your spell library contained the following spells:

 Spells                   Type           Power      Damage    Failure   Level
 Magic Dart               Conj           0%         1d3       99%         1
 Searing Ray              Conj           0%         2d4       99%         2
 Airstrike                Air            0%         N/A       100%        4
 Fulminant Prism          Conj/Hex       0%         3d6       100%        4
 Passage of Golubria      Tloc           0%         N/A       100%        4
 Yara's Violent Unravell  Hex/Tmut       0%         3d3       100%        5
 Storm Form               Tmut/Air       0%         N/A       100%        7
 Polar Vortex             Ice            0%         N/A       100%        9
 Tukima's Dance           Hex            Unusable   N/A       N/A         3

Dungeon Overview and Level Annotations

Branches:
Dungeon (9/15)             Temple (1/1) D:5            Lair (0/6) D:8
    Orc: D:9-12

Altars:
Ashenzari
Cheibriados
Elyvilon
Fedhas
Gozag
Hepliaklqana
Kikubaaqudgha
Makhleb
Nemelex Xobeh
Okawaru
Qazlal
Sif Muna
Trog
Uskayaw
Vehumet
Wu Jian
Xom
The Shining One

Shops:
D:4 [


Innate Abilities, Weirdness & Mutations

You cannot be hasted, slowed, berserked, paralysed or teleported.
You can dig through walls and to a lower floor.
You have a pair of large antennae on your head. (SInv)
Your four strong arms can wield two-handed weapons with a shield.


Message History

The acid dragon spits acid at you. You block the splash of acid.
There is a stone staircase leading up here.
You block the acid dragon's attack.
The acid dragon claws you but does no damage.
You climb upwards.
There is a stone staircase leading down here.
The acid dragon spits acid at you. The splash of acid hits you!!
You hear an angry buzzing noise.
The acid dragon bites you but does no damage.
The acid dragon claws you.
There is a stone staircase leading down here.
You hit the acid dragon.
The acid dragon is lightly wounded.
The acid dragon bites you!
* * * LOW HITPOINT WARNING * * *
The acid dragon claws you but does no damage.
You hit the acid dragon.
The acid dragon is lightly wounded.
The acid dragon barely misses you.
The acid dragon claws you but does no damage.
You feel much better. The acid dragon spits acid at you.
The splash of acid hits you!!
* * * LOW HITPOINT WARNING * * *
You closely miss the acid dragon.
The acid dragon is lightly wounded.
You block the acid dragon's attack. x2
You closely miss the acid dragon.
The acid dragon is lightly wounded.
The acid dragon spits acid at you. The splash of acid hits you!
* * * LOW HITPOINT WARNING * * *
The acid corrodes you!
You hear an angry buzzing noise.
You hit the acid dragon.
The acid dragon is moderately wounded.
You block the acid dragon's attack. The acid dragon claws you.
You die...

#.........#.............
#..####.................
#####....#............#.
###....#..............
#.............#.......
#......##.....#...#...
#.....##..........#...
####.D................
##...@..##............
#.....####............
##....#..#............
#....................
##...................
####......[...........
##.###......[(.........
#..##.......)<.........
#.....#.......)........


You could see an acid dragon (catching breath).

Vanquished Creatures
  Pikel (D:6)
  A water moccasin (D:4)
  An ice beast (D:7)
  3 orc warriors
  A black bear (D:5)
  3 centaurs
  3 lemures
  2 kobold brigands (D:7)
  A bullfrog (D:8)
  A scorpion (D:5)
  A water moccasin zombie (D:6)
  A wyvern skeleton (D:6)
  A killer bee (D:7)
  A bullfrog zombie (D:7)
  2 centaur zombies (D:8)
  A centaur skeleton (D:7)
  4 orc priests
  2 gnoll shamans
  Crazy Yiuf (D:6)
  2 iguanas
  8 orc wizards
  A hound skeleton (D:4)
  A howler monkey zombie (D:8)
  10 gnolls
  6 adders
  4 white imps
  2 adder skeletons (D:4)
  4 worms
  4 dart slugs
  35 orcs
  5 bats
  6 endoplasms
  6 giant cockroaches
  10 hobgoblins
  4 quokkas
  4 ball pythons
  7 frilled lizards
  10 goblins
  13 kobolds
  5 rats
178 creatures vanquished.

Vanquished Creatures (others)
  A fungus (D:6)
1 creature vanquished.

Grand Total: 179 creatures vanquished

Notes
Turn   | Place    | Note
-------+----------+-------------------------------------------
     0 | D:1      | blank1 the Formicid Fighter began the quest for the Orb.
     0 | D:1      | Reached XP level 1. HP: 18/18 MP: 1/1
    44 | D:1      | Found a faded altar of an unknown god.
    74 | D:1      | Reached XP level 2. HP: 24/24 MP: 2/2
   319 | D:1      | Reached XP level 3. HP: 29/29 MP: 3/3
   987 | D:2      | Upgraded the game from 0.28-a0-938-gbc3f381ebc to
                  | 0.28-a0-957-g42eb19b844
   998 | D:2      | Reached skill level 1 in Dodging
  1411 | D:2      | Reached XP level 4. HP: 36/37 MP: 4/4
  1653 | D:2      | Reached skill level 4 in Fighting
  1653 | D:2      | Reached XP level 5. HP: 35/42 MP: 5/5
  2393 | D:3      | Got the Papyrus of Ash
  3498 | D:4      | Reached XP level 6. HP: 48/48 MP: 6/6
  3643 | D:4      | Found a bloodstained altar of Trog.
  3699 | D:4      | Found a shimmering altar of Xom.
  3703 | D:4      | Found a burning altar of Makhleb.
  3703 | D:4      | Found a stormy altar of Qazlal.
  3707 | D:4      | Found a blossoming altar of Fedhas.
  3962 | D:4      | Found Votaa's Armour Emporium.
  3992 | D:5      | Entered Level 5 of the Dungeon
  4042 | D:5      | Found a staircase to the Ecumenical Temple.
  4063 | Temple   | Entered the Ecumenical Temple
  4113 | Temple   | Became a worshipper of Warmaster Okawaru
  4395 | D:5      | Noticed an orc warrior
  4416 | D:5      | Noticed a water moccasin
  4447 | D:4      | Killed a water moccasin
  4448 | D:4      | Reached skill level 5 in Fighting
  4448 | D:4      | Reached skill level 1 in Invocations
  4448 | D:4      | Reached XP level 7. HP: 18/56 MP: 6/8
  4669 | D:4      | Reached skill level 5 in Long Blades
  5211 | D:5      | Reached * piety under Okawaru
  5684 | D:5      | Reached XP level 8. HP: 50/64 MP: 10/10
  6180 | D:6      | Reached skill level 6 in Fighting
  6625 | D:5      | Reached skill level 5 in Armour
  6625 | D:5      | Reached skill level 5 in Shields
  7414 | D:6      | Noticed Pikel
  7460 | D:6      | Killed Pikel
  7460 | D:6      | Reached ** piety under Okawaru
  7461 | D:6      | Reached skill level 8 in Fighting
  7461 | D:6      | Reached XP level 9. HP: 36/74 MP: 9/11
  7774 | D:6      | Found a runed translucent door.
  7775 | D:6      | Noticed Crazy Yiuf
  7785 | D:6      | Killed Crazy Yiuf
  8656 | D:7      | Reached *** piety under Okawaru
  9084 | D:8      | Found a staircase to the Lair.
 10425 | D:8      | Found a hazy altar of Hepliaklqana.
 10743 | D:8      | HP: 2/74 [acid dragon/splash of acid (8)]
 10744 | D:8      | Slain by an acid dragon

Illustrated notes

Levels and vault maps discovered:
D:1:      minmay_arrival_solitary_statue, layout_basic, basic_ecumenical_altar
D:2:      layout_rooms, kennysheep_big_empty_room, nicolae_wormholes
D:3:      layout_loops_cross, serial_co_window_serial, co_window_paths_a,
          co_window_of_opportunity_a, co_window_corner_a, co_window_paths_b,
          co_window_paths_b, co_window_broadway_c, co_window_unsneaky_path_a,
          co_window_of_opportunity_b, co_window_corner_ca,
          co_window_unsneaky_path_e, co_window_paths_c, co_window_paths_d,
          glass_columns_b, glass_columns_b, glass_columns_b
D:4:      layout_cave_pools, minitemple, lemuel_round_altar, serial_shops,
          nicolae_shop_trees
D:5:      layout_basic, minmay_temple_entry_ruins, minmay_manual_mares
D:6:      layout_basic, uniq_pikel, uniq_crazy_yiuf_cottage
D:7:      layout_loops_corners
D:8:      layout_cave_pools, kennysheep_mini_moat, lair_entry_dummy
D:9:      cheibrodos_shockbox, layout_irregular_city, hiddenorc1_lemuel,
          serial_shops, nicolae_shop_window_shopping, shop,
          nicolae_inconvenience_store, nicolae_water_bricks, chequers_avenue,
          hangedman_decor_clover_reticule, hangedman_abyss_or_decor_stagger
Temple:   nicolae_temple_elliptical

Skill      XL: |  1  2  3  4  5  6  7  8  9 |
---------------+----------------------------+-----
Shields        | 4 5 6 |  6.0
Dodging        | 1 2 3 4 |  4.0
Fighting       | 4 5 8 |  8.0
Long Blades    | 3 4 5 6 7 |  7.6
Armour         | 4 5 6 |  6.0
Invocations    | 1 3 |  3.0

Action                   |  1- 3 |  4- 6 |  7- 9 || total
-------------------------+-------+-------+-------++-------
Melee: Long sword        |    89 |   228 |   484 ||   801
Invok: Heroism           |       |       |     2 ||     2
 Abil: Dig               |       |     3 |     7 ||    10
  Use: Scroll            |       |    13 |       ||    13
       Potion            |       |     3 |     2 ||     5
 Stab: Invisible         |       |       |     1 ||     1
Armor: Scale mail        |    44 |    10 |       ||    54
       Plate armour      |       |   133 |   287 ||   420
Dodge: Dodged            |    31 |    63 |   130 ||   224
Block: Buckler           |    11 |       |       ||    11
       Kite shield       |    20 |   115 |   255 ||   390

Table legend: (Time is in decaauts)
 A = Elapsed time spent in this place.
 B = Non-inter-level travel time spent in this place.
 C = Inter-level travel time spent in this place.
 D = Time resting spent in this place.
 E = Time spent auto-exploring this place.
 F = Levels seen in this place.
 G = Mean time per level.
                   A        B        C        D        E       F      G
               +--------+--------+--------+--------+--------+-----+--------+
         Total |  10979 |  10494 |    485 |   2251 |   5567 |  10 | 1097.9 |
       Dungeon |  10900 |  10443 |    457 |   2251 |   5532 |   9 | 1211.1 |
        Temple |     79 |     51 |     28 |      0 |     35 |   1 |   79.0 |
               +--------+--------+--------+--------+--------+-----+--------+

Top non-repeatable levels by time:
     D:7: 2080 daAuts
     D:5: 1760 daAuts
     D:6: 1525 daAuts
     D:4: 1453 daAuts
     D:1: 1173 daAuts
     D:3: 1084 daAuts
     D:2: 981 daAuts
     D:8: 825 daAuts
  Temple: 79 daAuts
     D:9: 15 daAuts
